AoeStats
← blackjack6894

Black Forest

507752211Analyzed
4v4 RM · 11d ago on Sep 19, 2026· 35m 19s· 8 players
Game mode
Random Map
Map size
Large (8 player)
Population
200
Speed
Normal
Resources
Standard
Victory
Conquest
Starting age
Dark Age
Ending age
Imperial Age
RankedLock teamsTeams togetherTeam positionsShared explorationLock speedFull tech treeHidden civsTurbo modeCheats
Victory
Defeat
🇮🇹 Bohemians · Italy
718
+10
🇨🇷 Spanish · Costa Rica
651
+12
🇩🇴 Franks · Dominican Republic
634
+13
🇩🇪 Khmer · Germany
509
+18
🇲🇽 Romans · Mexico
575
-14
🇬🇧 Portuguese · United Kingdom
566
-13
🇨🇳 Wei · China
564
-13
🇺🇸 Huns · United States
564
-13
blackjack6894
3:40 Loom
12:53 Feudal Age
14:44 Wheelbarrow
13:55 Town Watch
13:58 Double-Bit Axe
13:57 Horse Collar
21:26 Castle Age
19:47 Gold Mining
19:53 Stone Mining
21:30 Bloodlines
22:11 Scale Barding Armor
22:17 Forging
22:43 Hand Cart
23:23 Bow Saw
24:09 Heavy Plow
24:17 Husbandry
24:43 Light Cavalry
28:16 Fletching
30:01 Caravan
34:31 Bodkin Arrow
35:16 Chain Barding Armor
35:07 Forging
38:01 Imperial Age
36:17 Gold Shaft Mining
35:48 Marauders
greninja88
0:28 Loom
15:14 Feudal Age
15:46 Double-Bit Axe
17:08 Horse Collar
26:08 Castle Age
24:19 Stone Mining
24:22 Gold Mining
25:53 Wheelbarrow
26:04 Fletching
26:23 Fletching
26:45 Forging
27:25 Town Watch
28:41 Pikeman
30:02 Town Watch
31:07 Iron Casting
30:36 Bodkin Arrow
35:29 Iron Casting
35:00 Scale Mail Armor
35:01 Padded Archer Armor
38:26 Imperial Age
Elite Savage
axizzz3pam
0:27 Loom
11:21 Feudal Age
16:16 Castle Age
19:28 Fletching
20:35 Town Watch
21:46 Loom
23:24 Double-Bit Axe
25:09 Wheelbarrow
26:55 Horse Collar
27:48 Forging
29:14 Fortified Wall
29:25 Ballistics
29:07 Man-at-Arms
29:14 Pikeman
30:09 Caravan
31:13 Long Swordsman
33:39 Scale Mail Armor
33:44 Scale Barding Armor
34:15 Iron Casting
34:19 Bow Saw
34:41 Ballistas
35:00 Heavy Plow
37:39 Imperial Age
vasquezrlf
13:43 Feudal Age
14:17 Double-Bit Axe
23:03 Castle Age
21:03 Horse Collar
23:09 Wheelbarrow
23:28 Stone Mining
23:31 Gold Mining
25:39 Bow Saw
25:44 Heavy Plow
27:18 Hand Cart
35:58 Imperial Age
34:18 Caravan
35:30 Scale Barding Armor
DogeDogOfVenice
0:32 Loom
13:56 Feudal Age
14:36 Double-Bit Axe
15:29 Wheelbarrow
20:26 Castle Age
19:40 Horse Collar
21:08 Heavy Plow
22:00 Bow Saw
29:58 Caravan
35:06 Hand Cart
julian_venom
14:04 Feudal Age
14:29 Horse Collar
14:39 Double-Bit Axe
15:03 Gold Mining
15:21 Stone Mining
16:56 Wheelbarrow
22:51 Castle Age
21:53 Scale Barding Armor
23:54 Heavy Plow
24:08 Bow Saw
24:38 Gold Shaft Mining
24:46 Stone Shaft Mining
25:55 Hand Cart
26:48 Caravan
31:04 Imperial Age
30:46 Chain Barding Armor
32:54 Plate Barding Armor
33:56 Heavy Scorpion
36:16 Crop Rotation
djerlin22
2:58 Loom
15:32 Feudal Age
19:52 Wheelbarrow
19:08 Double-Bit Axe
21:53 Castle Age
28:30 Bow Saw
31:07 Hand Cart
36:02 Imperial Age
Connection lost

Rejoining the realm…

Still unreachable

The connection could not be restored.

Session expired

The server has moved on; the page needs a fresh start.